 Dungeon Crawl Stone Soup version 0.25.1-11-g244df3a29b (webtiles) character file.

Game seed: 8360306897753833833

5457 oldriver the Slinger (level 11, -7/72 HPs)
             Began as a Halfling Assassin on Jan 3, 2023.
             Was a Believer of Nemelex Xobeh.
             Mangled by a death yak (16 damage)
             ... on level 8 of the Dungeon.
             The game lasted 00:29:23 (10032 turns).

oldriver the Slinger (Halfling Assassin)           Turns: 10032, Time: 00:29:24

Health: -7/72      AC: 11    Str: 14    XL:     11   Next: 0%
Magic:  11/11      EV: 16    Int: 12    God:    Nemelex Xobeh [**....]
Gold:   535        SH:  7    Dex: 13    Spells: 10/10 levels left

rFire    . . .     SeeInvis .   a - +2 dagger (venom)
rCold    + . .     Gourm    .   r - +3 buckler "Xarphioph" {rElec rPois Regen+ Dex-5}
rNeg     . . .     Faith    .   o - +0 robe
rPois    +         Spirit   .   m - +2 helmet {Int+3}
rElec    +         Reflect  .   c - +1 cloak
rCorr    .         Harm     .   i - +2 pair of gloves
MR       .....                  (no boots)
Stlth    ++++......             (no amulet)
HPRegen  0.62/turn              j - ring of protection from cold
MPRegen  0.12/turn              (no ring)

@: about to teleport
A: small, mutation resistance 1
a: Draw Escape, Draw Destruction, Draw Summoning, Renounce Religion


You were on level 8 of the Dungeon.
You worshipped Nemelex Xobeh.
Nemelex Xobeh was pleased with you.
You were not hungry.

You visited 2 branches of the dungeon, and saw 10 of its levels.

You collected 535 gold pieces.

Inventory:

Hand Weapons
 a - a +2 dagger of venom (weapon)
 b - a +0 hunting sling
Missiles
 d - 48 poisoned darts
 l - 118 stones (quivered)
 p - a curare-tipped dart
Armour
 c - a +1 cloak (worn)
 i - a +2 pair of gloves (worn)
 m - a +2 helmet of intelligence (worn)
 o - a +0 robe (worn)
 r - the +3 buckler "Xarphioph" (worn) {rElec rPois Regen+ Dex-5}
   (You acquired it on level 7 of the Dungeon)

   It affects your dexterity (-5).
   It insulates you from electricity.
   It protects you from poison.
   It increases your rate of regeneration.
 A - a +2 hat
Jewellery
 j - a ring of protection from cold (left hand)
 n - an uncursed ring of ice
Wands
 e - a wand of random effects (19)
 x - a wand of paralysis (5)
 z - a wand of enslavement (7)
Scrolls
 g - 5 scrolls of remove curse
 w - 4 scrolls of identify
 y - a scroll of amnesia
 C - a scroll of magic mapping {unknown}
Potions
 h - 6 potions of curing
 k - a potion of magic
 q - 2 potions of stabbing
 s - a potion of brilliance
 B - 2 potions of haste
Comestibles
 f - 20 rations
 t - 5 chunks of flesh


   Skills:
 + Level 5.8 Fighting
 - Level 10.3 Short Blades
 * Level 10.5(10.7) Slings
 - Level 2.0(5.1) Throwing
 + Level 4.5 Armour
 + Level 4.9 Dodging
 + Level 8.5 Stealth
 + Level 1.2 Shields


You had 10 spell levels left.
You didn't know any spells.
Your spell library contained the following spells:

 Spells                   Type           Power        Failure   Level  Hunger
 Magic Dart               Conj           #...         43%         1    ##.....
 Blink                    Tloc           N/A          58%         2    ###....
 Call Imp                 Summ           #.......     58%         2    ###....
 Slow                     Hex            #.......     58%         2    ###....
 Confusing Touch          Hex            #.......     82%         3    ####...
 Conjure Flame            Conj/Fire      #.......     82%         3    ####...
 Gell's Gravitas          Tloc           #.........   82%         3    ####...
 Mephitic Cloud           Conj/Pois/Air  #.......     82%         3    ####...
 Petrify                  Tmut/Erth      #.......     99%         4    #####..
 Metabolic Englaciation   Hex/Ice        #.........   100%        5    ######.
 Yara's Violent Unravell  Hex/Tmut       #.........   100%        5    ######.


Dungeon Overview and Level Annotations

Branches:
Dungeon (9/15)             Temple (1/1) D:6            Lair (0/6) D:9
    Orc: D:9-12

Altars:
Ashenzari
Cheibriados
Dithmenos
Elyvilon
Fedhas
Gozag
Hepliaklqana
Kikubaaqudgha
Makhleb
Nemelex Xobeh
Okawaru
Qazlal
Ru
Sif Muna
Trog
Uskayaw
Vehumet
Wu Jian
Xom
Yredelemnul
Zin
The Shining One

Shops:
D:4 *

Annotations:
D:9 3 runed translucent doors, bisexualwizard's ghost, novice MiGl


Innate Abilities, Weirdness & Mutations

You are small and have problems with some larger weapons.
You are somewhat resistant to further mutation.


Message History

The death yak closely misses you. x2; The death yak misses you.
Unknown command.
You feel much better.
The death yak gores you but does no damage.
The death yak gores you!
The death yak gores you but does no damage.
The death yak gores you!
* * * LOW HITPOINT WARNING * * *
Unknown command.
You feel better.
The death yak gores you but does no damage.
The death yak gores you!
* * * LOW HITPOINT WARNING * * *
The death yak gores you!
* * * LOW HITPOINT WARNING * * *
The death yak closely misses you.
You draw a card...
You have drawn the Tomb.
Walls emerge from the floor!
The death yak barely misses you. The death yak gores you!
You die...
Your body disappears without a glow.

#............#.......#.....##
#.......##...#.......#.....#.
#.......##...#.......#.....'.
#............#.......#.....##
#............#.......#.....##
#............#.......#.....#.
#............#...>...#.....#.
#..........YY#.......#.....#.
#.......##.#@#.......#....<#.
#.......##.YY#...(...#.....##
#.......#....#...^...#.....##
#.......#....'.......#.......
#.......#....#.......#.......
#.......#....#.......#.......
#.......#....#.......#.......
#.......#....#.......#.......
#.......#....#.......#.......


You could see 4 death yaks.

Vanquished Creatures
  A hydra (D:8)
  Prince Ribbit (D:5)
  Grinder (D:5)
  Sigmund (D:2)
  4 hogs
  A wyvern (D:5)
  A human (D:8)
  Edmund (D:5)
  4 sky beasts
  An ice beast (D:6)
  An eye of draining (D:9)
  A phantom (D:7)
  An orc warrior (D:6)
  A centaur (D:9)
  2 ogres (D:5)
  A hornet zombie (D:8)
  6 bullfrogs
  A wyvern skeleton (D:9)
  2 scorpions (D:7)
  A water moccasin skeleton (D:7)
  7 killer bees
  7 howler monkeys
  A bullfrog zombie (D:5)
  4 crimson imps
  5 hounds
  4 iguanas
  5 orc wizards
  4 worker ants
  A hound skeleton (D:5)
  Robin (D:3)
  3 gnolls (D:4)
  A howler monkey skeleton (D:7)
  10 adders
  2 shadow imps
  2 adder skeletons
  8 worms
  4 dart slugs
  3 leopard geckos
  29 orcs
  8 bats
  4 giant cockroaches
  21 goblins
  7 hobgoblins
  4 jackals
  7 kobolds
  7 quokkas
  2 ball pythons
  4 frilled lizards
  6 rats
204 creatures vanquished.

Vanquished Creatures (others)
  Pikel (D:5)
  4 slaves (D:5)
  A hound (D:5)
6 creatures vanquished.

Grand Total: 210 creatures vanquished

Notes
Turn   | Place    | Note
-------+----------+-------------------------------------------
     0 | D:1      | oldriver the Halfling Assassin began the quest for the Orb.
     0 | D:1      | Reached XP level 1. HP: 14/14 MP: 1/1
   215 | D:1      | Reached XP level 2. HP: 18/19 MP: 2/2
   602 | D:1      | Reached XP level 3. HP: 24/24 MP: 3/3
  1303 | D:2      | Reached XP level 4. HP: 29/29 MP: 4/4
  1847 | D:2      | Noticed Sigmund
  1868 | D:2      | Killed Sigmund
  1868 | D:2      | Reached skill level 5 in Short Blades
  1868 | D:2      | Reached skill level 5 in Stealth
  1868 | D:2      | Reached XP level 5. HP: 20/36 MP: 5/5
  1868 | D:2      | Reached XP level 6. HP: 24/42 MP: 6/6
  3061 | D:3      | Noticed Robin
  3106 | D:3      | Killed Robin
  3209 | D:3      | Found a burning altar of Makhleb.
  3281 | D:3      | Found a burning altar of Makhleb.
  3949 | D:4      | Found an opulent altar of Gozag.
  3949 | D:4      | Found Gozag's Platinum Reserve.
  3959 | D:4      | Reached XP level 7. HP: 38/46 MP: 7/7
  4084 | D:4      | Reached skill level 1 in Slings
  4291 | D:4      | Found a white marble altar of Elyvilon.
  4291 | D:4      | Found a bloodstained altar of Trog.
  4292 | D:4      | Found a stormy altar of Qazlal.
  4396 | D:5      | Entered Level 5 of the Dungeon
  4412 | D:5      | Noticed Prince Ribbit
  4601 | D:5      | Noticed a wyvern
  4702 | D:5      | Noticed Pikel
  4720 | D:5      | Your ally died
  4783 | D:5      | Noticed Grinder
  4828 | D:5      | Killed Prince Ribbit
  4828 | D:5      | Reached XP level 8. HP: 37/54 MP: 8/8
  4885 | D:5      | You fall into a shaft and drop 2 floors!
  4894 | D:7      | Reached skill level 5 in Slings
  4941 | D:7      | Found a blossoming altar of Fedhas.
  5080 | D:5      | Found a glowing golden altar of the Shining One.
  5343 | D:5      | Reached skill level 1 in Armour
  5369 | D:5      | Reached XP level 9. HP: 19/59 MP: 9/9
  5697 | D:5      | Killed Grinder
  6143 | D:5      | Noticed Edmund
  6167 | D:5      | Killed Edmund
  6369 | D:6      | Found a sacrificial altar of Ru.
  6771 | D:6      | Found a staircase to the Ecumenical Temple.
  6952 | Temple   | Entered the Ecumenical Temple
  7128 | Temple   | Became a worshipper of Nemelex Xobeh the Trickster
  7348 | D:6      | Received a gift from Nemelex Xobeh
  7439 | D:6      | Reached skill level 5 in Fighting
  7697 | D:7      | Reached XP level 10. HP: 66/66 MP: 10/10
  8186 | D:7      | Reached * piety under Nemelex Xobeh
  8336 | D:7      | Identified a scroll of acquirement
  8336 | D:7      | Acquired the +3 buckler "Xarphioph" {rElec rPois Regen+
                  | Dex-5}
  8459 | D:8      | Found an ornate altar of the Wu Jian Council.
  9057 | D:8      | Noticed a six-headed hydra
  9224 | D:8      | Killed a six-headed hydra
  9224 | D:8      | Reached skill level 10 in Short Blades
  9280 | D:8      | Reached skill level 10 in Slings
  9706 | D:9      | Found a runed translucent gate.
  9707 | D:9      | Found a runed translucent gate.
  9708 | D:9      | Found a runed translucent gate.
  9713 | D:9      | Noticed bisexualwizard's ghost (novice MiGl)
  9805 | D:9      | Reached skill level 1 in Shields
  9897 | D:9      | Reached ** piety under Nemelex Xobeh
  9916 | D:9      | Found a shattered altar of Ashenzari.
  9934 | D:9      | Reached XP level 11. HP: 59/72 MP: 11/11
  9987 | D:9      | Noticed a death yak
  9988 | D:9      | Noticed a death yak
  9988 | D:9      | Noticed a death yak
 10023 | D:9      | Found a staircase to the Lair.
 10023 | D:9      | Noticed a death yak
 10023 | D:9      | Noticed a death yak
 10023 | D:9      | Noticed a death yak
 10032 | D:8      | Mangled by a death yak

Illustrated notes

Levels and vault maps discovered:
D:1:      dpeg_arrival_rooms_a, layout_loops_ring
D:2:      layout_rooms, serial_rivers, chequers_serial_rivers_large_a,
          chequers_serial_rivers_small_a, chequers_serial_rivers_room_a,
          chequers_serial_rivers_micro_b, chequers_serial_rivers_room_a,
          minmay_bisected, uniq_sigmund
D:3:      layout_loops_ring, marbit_many_paths, first_ration, serial_forest,
          infiniplex_forest_clump_small, infiniplex_forest_clump_small,
          infiniplex_forest_pool, infiniplex_forest_clump_medium,
          makhleb_heckhound_becter, uniq_robin
D:4:      layout_basic, nicolae_gozag_zags_fifth_avenue,
          nicolae_overflow_hidden_temple
D:5:      layout_loops_ring, tso_oasis_becter, gup_sewer_entry_spiral,
          uniq_edmund, uniq_pikel, uniq_grinder, uniq_prince_ribbit1
D:6:      layout_loops_ring, nicolae_ru_great_annihilating_truth,
          minmay_temple_entry_fiery
D:7:      layout_gridville, fedhas_altar_2, minivault_1
D:8:      layout_gridville, old_standard_altar, grunt_livestock,
          kennysheep_cross_bottleneck
D:9:      layout_loops_ring, cheibrodos_ashenzari_chains, dpeg_lair_monsters,
          david_orc_4, serial_glass, glass_columns_b, glass_columns_a,
          gammafunk_ghost_necromancy, nicolae_dithmenos_the_darkroom
Temple:   minmay_temple_bridge_abc

Skill      XL: |  1  2  3  4  5  6  7  8  9 10 |
---------------+-------------------------------+-----
Fighting       | 2 3 4 5 |  5.8
Short Blades   | 3 5 7 8 9 10 | 10.3
Stealth        | 5 6 7 8 |  8.5
Dodging        | 2 3 4 |  4.9
Slings         | 4 6 8 10 | 10.5
Armour         | 1 3 4 |  4.5
Shields        | 1 |  1.2
Throwing       | |  2.0

Action                   |  1- 3 |  4- 6 |  7- 9 | 10-12 || total
-------------------------+-------+-------+-------+-------++-------
Melee: Dagger            |    78 |   150 |   412 |   311 ||   951
 Fire: Hunting sling     |       |     9 |    21 |    26 ||    56
Throw: Dart              |    17 |     3 |    10 |       ||    30
       Stone             |     6 |    29 |       |       ||    35
Invok: Draw Destruction  |       |       |       |     4 ||     4
       Draw Escape       |       |       |       |     2 ||     2
Evoke: Wand              |       |       |     5 |    10 ||    15
  Use: Scroll            |     4 |     3 |     5 |    10 ||    22
       Potion            |       |     2 |     2 |     2 ||     6
 Stab: Sleeping          |     9 |     4 |    12 |     6 ||    31
       Paralysed         |       |       |     1 |     2 ||     3
  Eat: Chunk             |     1 |     8 |    13 |     4 ||    26
       Ration            |       |       |       |     1 ||     1
Armor: Robe              |    19 |    19 |    48 |    51 ||   137
       Skin              |       |       |     2 |       ||     2
Dodge: Dodged            |    74 |    77 |   171 |   141 ||   463
Block: Buckler           |       |       |       |    63 ||    63
